cohdb
Replays
Latest Replays
All Replays
Popular Replays
Top Player Replays
Match Explorer
How It Works
Community
CoH3 Stats
Reddit
Sign in to upload your games and track your stats! →
Sign in with Steam
Match 37520676
Unlisted
Match 37520676
Overview
Messages
Build Orders
End
Panzerpioneer Squad
Panzerpioneer Squad
Selects Armored Support Battlegroup
Panzerpioneer Squad
Kradschützen Motorcycle Team
Selects Veteran Gunners
Construct Light Support Kompanie
MG34 Team
Fire Support Elements
Vehicle Survival Package
Panzerjäger Mechanized Group
Construct Mechanized Kompanie
2.5-tonne Medical Truck
MG34 Team
2.5-tonne Medical Truck
Selects Flammpanzer III Medium Tank
Flammpanzer III Medium Tank
le.IG 18 Mechanized Group
Marder III Tank Destroyer
Pak 38 Anti-tank Gun Team
VPI
jvyvyb
Yuzuki
fefddws
Farseer
zankdz
meanneam
CPU - VERY EASY
0
0
Comments
sign in to comment!
No comments posted yet!